 Dungeon Crawl Stone Soup version 0.30-a0-190-g22c9a3c0ff (webtiles) character file.

Game seed: 13597902839266127294

202616 Morbidden the Cleaver (level 17, -1/142 (147) HPs)
             Began as an Armataur Fighter on Oct 4, 2022.
             Was the Champion of Cheibriados.
             Slain by a spark wasp (11 damage)
             ... on level 4 of the Spider Nest.
             The game lasted 00:47:45 (29744 turns).

Morbidden the Cleaver (Armataur Fighter)           Turns: 29744, Time: 00:47:45

HP:   -1/142 (147)  AC: 49    Str: 50 (51) XL:     17   Next: 95%
MP:   18/28         EV:  9    Int: 34      God:    Cheibriados [******]
Gold: 2929          SH:  0    Dex: 34 (36) Spells: 24/30 levels left

rFire   + + +      SeeInvis .    a - +4 broad axe (elec)
rCold   + + .      Faith    .    i - +0 tower shield {rC+}
rNeg    . . .      Spirit   .    q - +18 crystal plate armour of Yppab {rF+ Str+3 Int+2}
rPois   .          Reflect  +    C - +2 helmet {Int+3}
rElec   .          Harm     .    x - +0 cloak of Goofis {*Corrode Str+6 Dex+4}
rCorr   .          Roll     +    D - +0 pair of gloves
Will    +....                    g - +0 barding {rC+}
Stlth   ..........               j - amulet of reflection
HPRegen 0.43/turn                H - ring of Tender Moments {Fly rF++ rC- Str+4 Dex+6}
MPRegen 0.21/turn                z - ring "Nefoukk" {rC+ EV+4}

@: lethally poisoned (-1 -> -6), flying, held, lightly drained, very slow
A: large, rugged brown scales 3, deformed body, armoured tail, roll, long
tongue, awkward tongue
}: 1/15 runes: gossamer
a: Renounce Religion, Bend Time, Temporal Distortion, Slouch, Step From Time


You were on level 4 of the Spider Nest.
You worshipped Cheibriados.
Cheibriados was exalted by your worship.
You visited 4 branches of the dungeon, and saw 26 of its levels.
You visited the Abyss 1 time.
You also visited: Bailey, Gauntlet and Ice Cave.

You collected 3480 gold pieces.
You spent 551 gold pieces at shops.

Inventory:

Hand Weapons
 a - a +4 broad axe of electrocution (weapon)
 b - a +6 broad axe of flaming
 c - a +1 executioner's axe of electrocution
Missiles
 B - a throwing net
 Q - 5 silver javelins
 R - 8 javelins
 X - 9 boomerangs (quivered)
Armour
 g - a +0 barding of cold resistance (worn)
 i - a +0 tower shield of cold resistance (worn)
 q - the +18 crystal plate armour of Yppab (worn) {rF+ Str+3 Int+2}
   (You acquired it on level 8 of the Dungeon)

   Str:       It affects your strength (+3).
   Int:       It affects your intelligence (+2).
   rF:        It protects you from fire.
 x - the +0 cloak of Goofis (worn) {*Corrode Str+6 Dex+4}
   (You found it in a Gauntlet)

   Str:       It affects your strength (+6).
   Dex:       It affects your dexterity (+4).
   *Corrode:  It may corrode you when you take damage.
 C - a +2 helmet of intelligence (worn)
 D - a +0 pair of gloves (worn)
Jewellery
 j - an amulet of reflection (around neck)
 o - a ring of protection from cold
 z - the ring "Nefoukk" (right hand) {rC+ EV+4}
   (You acquired it on level 5 of the Lair of Beasts)

   [ring of evasion]

   EV:        It affects your evasion (+4).
   rC:        It protects you from cold.
 H - the ring of Tender Moments (left hand) {Fly rF++ rC- Str+4 Dex+6}
   (You found it on level 10 of the Dungeon)

   [ring of dexterity]

   Str:       It affects your strength (+4).
   Dex:       It affects your dexterity (+6).
   rF:        It greatly protects you from fire.
   rC:        It makes you vulnerable to cold.
   Fly:       It grants you flight.
 J - a +4 ring of protection
 P - a +4 ring of evasion
 V - the ring "Qisai" {Fly rN+ Int-3 SInv}
   (You found it on level 1 of the Lair of Beasts)

   [ring of flight]

   Int:       It affects your intelligence (-3).
   rN:        It protects you from negative energy.
   SInv:      It lets you see invisible.
   Fly:       It grants you flight.
Wands
 u - a wand of digging (5)
 E - a wand of acid (27)
 F - a wand of flame (29)
 K - a wand of roots (23)
 Z - a wand of mindburst (13)
Scrolls
 f - 17 scrolls of identify
 h - 2 scrolls of immolation
 p - a scroll of summoning
 s - 4 scrolls of silence
 t - 12 scrolls of teleportation
 y - 5 scrolls of magic mapping
 A - 5 scrolls of blinking
 G - 3 scrolls of enchant armour
 O - 3 scrolls of amnesia
 S - 5 scrolls of butterflies
 T - 8 scrolls of fear
Potions
 d - 8 potions of might
 k - 5 potions of ambrosia
 l - 8 potions of curing
 m - 12 potions of heal wounds
 n - 2 potions of berserk rage
 r - 4 potions of resistance
 v - 2 potions of cancellation
 w - 5 potions of magic
 I - 5 potions of flight
 M - 6 potions of invisibility
 N - 12 potions of mutation
 Y - 2 potions of lignification
Miscellaneous
 e - a tin of tremorstones (2/2)
 L - a condenser vane
 U - a lightning rod (4/4)
 W - a box of beasts


   Skills:
 * Level 9.4 Fighting
 * Level 13.6(14.8) Axes
 + Level 10.4(13.9) Maces & Flails
 * Level 1.2 Throwing
 * Level 12.7 Armour
 * Level 7.1 Dodging
 + Level 4.4 Stealth
 * Level 13.2 Shields
 * Level 7.4 Spellcasting
 * Level 7.7 Conjurations
 * Level 7.8 Fire Magic
 * Level 8.5 Invocations
 * Level 6.9 Evocations


You had 24 spell levels left.
You knew the following spells:

 Your Spells              Type           Power      Damage    Failure   Level
a - Foxfire               Conj/Fire      100%       2x1d9     2%          1
b - Fireball              Conj/Fire      30%        3d13      61%         5

Your spell library contained the following spells:

 Spells                   Type           Power      Damage    Failure   Level
 Magic Dart               Conj           100%       1d8       2%          1
 Kiss of Death            Conj/Necr      100%       2d13      14%         1
 Stone Arrow              Conj/Erth      76%        3d11      38%         3
 Slow                     Hex            48%        N/A       56%         1
 Sting                    Tmut/Pois      48%        1d5       56%         1
 Ignite Poison            Fire/Tmut/Pois 30%        N/A       56%         3
 Kindle Blastsparks       Fire/Tloc/Air  60%        2d15      56%         3
 Mephitic Cloud           Conj/Pois/Air  30%        N/A       56%         3
 Call Imp                 Summ           12%        N/A       71%         2
 Cigotuvi's Dreadful Rot  Necr/Pois/Air  24%        N/A       71%         2
 Poisonous Vapours        Pois/Air       24%        N/A       71%         2
 Sublimation of Blood     Necr           12%        N/A       71%         2
 Wereblood                Tmut           12%        N/A       71%         2
 Confusing Touch          Hex            12%        N/A       90%         3
 Ozocubu's Armour         Ice            12%        N/A       90%         3
 Portal Projectile        Hex/Tloc       24%        N/A       90%         3
 Summon Guardian Golem    Hex/Summ       12%        N/A       90%         3
 Tukima's Dance           Hex            12%        N/A       90%         3
 Vampiric Draining        Necr           12%        2d6       90%         3
 Starburst                Conj/Fire      30%        6d9       99%         6
 Animate Armour           Summ/Erth      24%        N/A       100%        4
 Dispel Undead            Necr           12%        3d9       100%        4
 Leda's Liquefaction      Hex/Erth       6%         N/A       100%        4
 Olgreb's Toxic Radiance  Pois           12%        N/A       100%        4
 Blade Hands              Tmut           6%         N/A       100%        5
 Freezing Cloud           Conj/Ice/Air   15%        6-21      100%        5
 Lee's Rapid Deconstruct  Erth           6%         3d7*      100%        5
 Conjure Ball Lightning   Conj/Air       19%        3x3d6     100%        6
 Iron Shot                Conj/Erth      19%        9d4       100%        6
 Simulacrum               Ice/Necr       6%         N/A       100%        6
 Statue Form              Tmut/Erth      8%         N/A       100%        6
 Orb of Destruction       Conj           30%        9d10      100%        7
 Ozocubu's Refrigeration  Ice            6%         4d8       100%        7
 Spellforged Servitor     Conj/Summ      19%        N/A       100%        7
 Summon Hydra             Summ           6%         N/A       100%        7
 Discord                  Hex            6%         N/A       100%        8
 Disjunction              Tloc           6%         N/A       100%        8
 Lehudib's Crystal Spear  Conj/Erth      19%        10d6      100%        8
 Polar Vortex             Ice            6%         N/A       100%        9


Dungeon Overview and Level Annotations

Branches:
Dungeon (15/15)            Temple (0/1) D:5            Lair (5/5) D:11
 Shoals (0/4) Lair:3       Spider (4/4) Lair:2        Slime (0/5) Lair:5
    Orc (2/2) D:12            Elf (0/3) Orc:2        Vaults (0/5) D:13
 Depths (0/4) D:15         Bailey (visited)           IceCv (visited)
Gauntlet (visited)

Altars:
Ashenzari
Cheibriados
Dithmenos
Fedhas
Makhleb
Nemelex Xobeh
Okawaru
Ru
Sif Muna
Trog
Vehumet
Wu Jian
Yredelemnul
Zin
Jiyva
Lugonu

Shops:
D:6 *   D:10 !   D:11 *   Orc:2 *=![

Portals:
Abyss: Lair:5
Pandemonium: Orc:2

Annotations:
D:10 1 transporter
Lair:5 exclusion: oklob plant


Innate Abilities, Weirdness & Mutations

You are completely covered in rugged brown scales. (AC +3, +7% HP)
Armour fits poorly on your strangely shaped body.
You have a long armoured tail.
You roll when moving toward enemies. (Rampage)
Your long tongue fully drains potion bottles. (2x potion effects)
Your tongue gives you trouble enunciating. (1.5x scroll delay)


Message History

Unknown command.
Unknown command.
Unknown command.
You struggle to detach yourself from the web.
You feel sick.
The spark wasp stings you but does no damage.
The wolf spider hits you but does no damage.
The wolf spider bites you but does no damage.
The broodmother bites you!
The spark wasp stings you but does no damage.
The wolf spider barely misses you.
The wolf spider bites you but does no damage.
The wolf spider hits you but does no damage.
The wolf spider barely misses you.
Unknown command.
Unknown command.
Activating: Slouch (3% risk of failure)
Press: ? - help, Dir - look around, f - activate You can feel time thicken for a moment.
You kill the wolf spider!
The wolf spider's corpse disappears in a puff of smoke!
You kill the wolf spider!
Cheibriados thoroughly appreciates the change of pace.
A freezing mist starts to gather...
A wolf spider simulacrum comes into view.
You feel sick.
The broodmother bites you but does no damage.
The spark wasp stings you. The spark wasp shocks you!
Unknown command.
Unknown command.
Unknown command.
You struggle to detach yourself from the web.
You feel sick. The spark wasp stings you!
* * * LOW HITPOINT WARNING * * *
The spark wasp shocks you!
* * * LOW HITPOINT WARNING * * *
The broodmother bites you!
* * * LOW HITPOINT WARNING * * *
The spark wasp stings you!
You die...

#!.## ##.†#......)...
#..# #..'....##....
#..## ##..#...^.#....
#...###...#....^###.#
##...#...##.....^^#^# #.
#....^..#.........^†
#..###...###..^.#.#..†.
##....##'##...^###.###^.
#....Z†@..^....##...^#..
#.....y.s§...^##.....##.
^^...............^......
......#.#.^...##.....##.
...~###^###....##...##..
~... ... ^..^###.###..
~.. ... #^..~.#.#.~.. ~.
... .............
#........^.#.


You could see a broodmother (soul bound), a spark wasp (soul bound) and a wolf
spider simulacrum.

Vanquished Creatures
  Bai Suzhen (Spider:3)
  A bone dragon (D:15)
  Jorgrun (D:15)
  A tentacled monstrosity (Abyss:2)
  A lich (Abyss:2)
  Agnes (Spider:1)
  A deep elf sorcerer (Abyss:2)
  5 emperor scorpions
  4 ghost moths
  6 broodmothers
  An orc warlord (Orc:1)
  A minotaur (Gauntlet)
  Snorg (Lair:5)
  A great orb of eyes (D:15)
  2 rakshasas (D:15)
  A yaktaur captain (D:10)
  Josephine (Lair:3)
  8 entropy weavers
  Fannar (Lair:3)
  3 hydras
  Harold (D:10)
  A demonspawn (Orc:2)
  A catoblepas (Lair:5)
  2 vault guards (D:13)
  7 centaur warriors
  4 radroaches
  5 two-headed ogres
  3 jorogumos
  8 boulder beetles
  Erica (D:11)
  2 ironbound frosthearts (IceCv)
  3 death yaks (IceCv)
  4 thrashing horrors
  2 tengu warriors
  6 orc high priests (Orc:2)
  A soul eater (Orc:2)
  A wretched star (Abyss:2)
  A sun moth (Spider:4)
  12 pharaoh ants
  4 skeletal warriors (D:14)
  7 orb spiders
  An obsidian statue (D:12)
  8 starcursed masses (Abyss:2)
  9 steelbarb worms
  A wolf spider zombie (D:15)
  A harpy (shapeshifter) (Lair:5)
  5 orc knights
  A necromancer (D:13)
  11 ugly things
  2 wizards (D:13)
  A deep elf pyromancer (D:15)
  36 wolf spiders
  2 manticores
  8 orc sorcerers
  6 cyclopes
  2 moths of wrath (Spider:3)
  5 centaur zombies (D:15)
  An ice statue (IceCv)
  3 black mambas
  7 elephants
  10 centaur skeletons (D:15)
  A guardian serpent (shapeshifter) (D:15)
  9 cane toads
  2 smoke demons (Lair:5)
  5 torpor snails
  A rime drake (shapeshifter) (Lair:5)
  A yaktaur (D:13)
  Psyche (D:12)
  4 rime drakes
  4 demonic crawlers
  An efreet (D:15)
  2 kobold demonologists
  5 komodo dragons
  2 tengu conjurers (D:14)
  3 ancient zymes
  A red devil (Orc:2)
  6 trolls
  11 hornets
  3 meliai (Spider:1)
  15 polar bears
  A harpy skeleton (D:15)
  A merfolk (Lair:3)
  2 large abominations (Lair:5)
  11 slime creatures (D:15)
  33 tarantellas
  17 blink frogs
  A meliai zombie (D:15)
  7 dream sheep (Lair:3)
  24 jumping spiders
  4 vampires
  31 culicivoras
  4 shadows (Gauntlet)
  3 flying skulls (Abyss:2)
  A spriggan (Lair:5)
  2 wyverns
  3 ynoxinuls
  A water elemental (D:14)
  38 yaks
  A fire elemental (Lair:1)
  7 wraiths
  20 humans (D:13)
  6 basilisks
  67 redbacks
  3 vampire mosquitoes (D:12)
  2 chaos spawn
  3 wargs
  14 water moccasins
  2 sky beasts
  A hornet zombie (D:15)
  36 orc warriors
  4 black bears
  3 ogres
  6 centaurs
  28 wolves
  A phantom (D:7)
  4 kobold brigands
  5 bullfrogs
  9 scorpions
  3 necrophages (D:5)
  11 small abominations
  2 gnoll sergeants
  9 wights
  3 killer bees (D:10)
  6 howler monkeys
  2 electric eels
  8 jellies
  21 orc priests
  4 hounds
  An iron imp (Abyss:2)
  3 iguanas
  16 orc wizards
  A boggart skeleton (D:15)
  6 hell rats (Lair:5)
  A mummy (D:7)
  6 adders
  38 gnolls
  A shadow imp (D:5)
  3 white imps
  2 ufetubi (D:5)
  2 dart slugs
  78 orcs
  7 ball pythons
  5 bats
  9 endoplasms
  4 giant cockroaches
  6 goblins
  11 hobgoblins
  2 jackals (D:3)
  2 quokkas
  2 frilled lizards
  17 kobolds
  2 rats (D:3)
1015 creatures vanquished.

Vanquished Creatures (others)
  An ogre mage (D:10)
  A steelbarb worm (Spider:3)
  A wizard (D:14)
  A culicivora (Spider:2)
  A wolf (IceCv)
  14 demonic plants (Gauntlet)
  4 foxfires
  28 fungi
  93 plants
144 creatures vanquished.

Grand Total: 1159 creatures vanquished

Notes
Turn   | Place    | Note
-------+----------+-------------------------------------------
     0 | D:1      | Morbidden the Armataur Fighter began the quest for the Orb.
     0 | D:1      | Reached XP level 1. HP: 19/19 MP: 1/1
   181 | D:1      | Reached XP level 2. HP: 26/26 MP: 2/2
   261 | D:1      | Found a faded altar of an unknown god.
   273 | D:1      | Prayed at the altar of an unknown god.
   273 | D:1      | Became a worshipper of Cheibriados the Contemplative
   273 | D:1      | Reached * piety under Cheibriados
   796 | D:1      | Reached XP level 3. HP: 29/33 MP: 3/3
  1197 | D:2      | Reached XP level 4. HP: 40/40 MP: 4/4
  1374 | D:2      | Reached ** piety under Cheibriados
  1762 | D:1      | Reached skill level 1 in Invocations
  2381 | D:3      | Reached XP level 5. HP: 48/48 MP: 5/5
  2634 | D:3      | Reached *** piety under Cheibriados
  2636 | D:3      | Reached skill level 1 in Axes
  3340 | D:4      | Noticed a black bear
  3343 | D:4      | Killed a black bear
  3344 | D:4      | Reached skill level 5 in Armour
  3344 | D:4      | Reached skill level 1 in Dodging
  3344 | D:4      | Reached XP level 6. HP: 46/54 MP: 5/7
  3520 | D:4      | You fall into a shaft and drop 3 floors!
  3557 | D:7      | Found a snail-covered altar of Cheibriados.
  3566 | D:7      | Noticed a sky beast
  3573 | D:7      | Killed a sky beast
  3574 | D:7      | Reached skill level 1 in Spellcasting
  3744 | D:7      | Reached XP level 7. HP: 60/60 MP: 8/8
  4025 | D:7      | Found a blossoming altar of Fedhas.
  4170 | D:7      | Learned a level 1 spell: Foxfire
  4500 | D:6      | Found an iron altar of Okawaru.
  4588 | D:6      | Reached **** piety under Cheibriados
  4633 | D:6      | Found Piproirr's Assorted Antiques.
  4636 | D:6      | Bought a scroll labelled OMEUDIR PUMIKO SOM for 24 gold
                  | pieces
  4636 | D:6      | Bought a scroll labelled JIEHILI DOSMI for 24 gold pieces
  4636 | D:6      | Bought a ruby potion for 21 gold pieces
  4929 | D:6      | Reached XP level 8. HP: 70/70 MP: 10/10
  5179 | D:6      | Reached skill level 1 in Conjurations
  5179 | D:6      | Reached skill level 1 in Fire Magic
  5371 | D:6      | Reached skill level 5 in Maces & Flails
  5669 | D:5      | Entered Level 5 of the Dungeon
  5684 | D:6      | Reached ***** piety under Cheibriados
  5985 | D:5      | Reached skill level 5 in Shields
  6043 | D:5      | Found a sparkling altar of Nemelex Xobeh.
  6054 | D:5      | Reached XP level 9. HP: 74/75 MP: 12/12
  6069 | D:5      | Found a staircase to the Ecumenical Temple.
  6109 | D:5      | Found a burning altar of Makhleb.
  6256 | D:5      | Found a sacrificial altar of Ru.
  6343 | D:5      | Found an ornate altar of the Wu Jian Council.
  7429 | D:8      | Identified a scroll of acquirement
  7437 | D:8      | Acquired the +18 crystal plate armour of Yppab {rF+ Str+3
                  | Int+2}
  7493 | D:8      | Found a flagged portal.
  7542 | Bailey   | Entered a bailey
  7849 | Bailey   | Noticed an orc knight
  7870 | Bailey   | Killed an orc knight
  8414 | D:8      | Noticed a cyclops
  8419 | D:8      | Killed a cyclops
  8433 | D:8      | Reached XP level 10. HP: 35/85 MP: 7/14
  8865 | D:8      | Reached ****** piety under Cheibriados
  9161 | D:9      | Found a shimmering blue altar of Sif Muna.
  9250 | D:9      | Found a glowing silver altar of Zin.
  9631 | D:9      | Found a broken altar of Ashenzari.
  9646 | D:9      | Found a radiant altar of Vehumet.
  9653 | D:9      | Found a basalt altar of Yredelemnul.
  9860 | D:9      | Reached skill level 5 in Fighting
  9970 | D:10     | Entered Level 10 of the Dungeon
  9976 | D:10     | Noticed Harold
  9990 | D:10     | Killed Harold
 10063 | D:10     | Found a transporter.
 10148 | D:10     | Found Piuff's Distillery.
 10158 | D:10     | Noticed a two-headed ogre
 10158 | D:10     | Noticed a two-headed ogre
 10160 | D:10     | Bought a potion of heal wounds for 75 gold pieces
 10160 | D:10     | Bought a potion of berserk rage for 75 gold pieces
 10165 | D:10     | Killed a two-headed ogre
 10166 | D:10     | Reached XP level 11. HP: 82/94 MP: 13/16
 10168 | D:10     | Killed a two-headed ogre
 10396 | D:10     | Noticed a centaur warrior
 10396 | D:10     | Noticed an ogre mage
 10396 | D:10     | Noticed a six-headed hydra
 10410 | D:10     | Killed an ogre mage
 10413 | D:10     | Killed a three-headed hydra
 10417 | D:10     | Killed a centaur warrior
 10418 | D:10     | Reached skill level 5 in Axes
 10535 | D:10     | Noticed a yaktaur captain
 10547 | D:10     | Killed a yaktaur captain
 10549 | D:10     | Identified the +8 mace "Zoan" {vorpal, rF+++ rC- rN+ MP+9}
 10552 | D:10     | Identified the ring of Tender Moments {Fly rF++ rC- Str+4
                  | Dex+6}
 10727 | D:10     | Found a bloodstained altar of Trog.
 10906 | D:11     | Noticed Erica
 10912 | D:11     | Killed Erica
 11096 | D:11     | Found Mocyoh's General Store.
 11104 | D:11     | Bought a scroll of magic mapping for 105 gold pieces
 11361 | D:11     | Found a staircase to the Lair.
 11364 | D:11     | Reached skill level 5 in Invocations
 11642 | Lair:1   | Entered Level 1 of the Lair of Beasts
 11918 | Lair:1   | Reached XP level 12. HP: 72/101 MP: 13/18
 11926 | Lair:1   | Reached skill level 1 in Evocations
 12354 | Lair:1   | Identified the ring "Qisai" {Fly rN+ Int-3 SInv}
 12722 | Lair:2   | Identified the +4 ring mail of Dung {rF+ Regen+ Int+4
                  | Dex-4}
 12746 | Lair:2   | Found a hole to the Spider Nest.
 13329 | Lair:2   | Noticed a five-headed hydra
 13335 | Lair:2   | Killed a one-headed hydra
 13640 | Lair:3   | Noticed Josephine
 13651 | Lair:3   | Killed Josephine
 13778 | Lair:3   | Noticed Fannar
 13789 | Lair:3   | Killed Fannar
 14206 | Lair:3   | Found a staircase to the Shoals.
 14609 | Lair:4   | Reached XP level 13. HP: 105/110 MP: 19/19
 14689 | Lair:4   | Identified the +9 sling of Conversion {flame, Str+6}
 14917 | Lair:4   | Reached skill level 5 in Conjurations
 15272 | Lair:5   | Entered Level 5 of the Lair of Beasts
 15272 | Lair:5   | Found a frozen archway.
 15308 | Lair:5   | Acquired a +0 barding of cold resistance
 15313 | Lair:5   | Reached skill level 10 in Armour
 15318 | Lair:5   | Acquired the ring "Nefoukk" {rC+ EV+4}
 15325 | IceCv    | Entered an ice cave
 15561 | IceCv    | Reached skill level 5 in Fire Magic
 15773 | IceCv    | Reached skill level 1 in Stealth
 15780 | IceCv    | Reached skill level 5 in Spellcasting
 16321 | Lair:5   | Reached skill level 5 in Dodging
 16590 | Lair:5   | Reached XP level 14. HP: 104/120 MP: 17/21
 16984 | Lair:5   | Found a corrupted altar of Lugonu.
 16984 | Lair:5   | Found a one-way gate to the infinite horrors of the Abyss.
 17124 | Lair:5   | Reached skill level 10 in Axes
 17330 | Lair:5   | Noticed Snorg
 17337 | Lair:5   | Killed Snorg
 17725 | Lair:5   | Found a viscous altar of Jiyva.
 17725 | Lair:5   | Found a staircase to the Slime Pits.
 18519 | D:12     | Found a staircase to the Orcish Mines.
 18521 | D:12     | Noticed Psyche
 18527 | D:12     | Killed Psyche
 18685 | D:13     | Found a shadowy altar of Dithmenos.
 18942 | D:13     | Identified the +0 ring mail of Emiut Citz {*Corrode Str+7
                  | Dex+5}
 18998 | D:13     | Found a gate to the Vaults.
 19519 | D:14     | Reached skill level 10 in Maces & Flails
 19559 | D:14     | Found a gate leading to a gauntlet.
 19564 | Gauntlet | Entered a Gauntlet
 19564 | Gauntlet | Found a transporter.
 19571 | Gauntlet | Found a runed translucent door.
 19573 | Gauntlet | Found a transporter.
 19575 | Gauntlet | Found a runed translucent door.
 19589 | Gauntlet | Found a transporter.
 19593 | Gauntlet | Found a transporter.
 19614 | Gauntlet | Found a transporter.
 19627 | Gauntlet | Found a transporter.
 19641 | Gauntlet | Found a transporter.
 19670 | Gauntlet | Found a transporter.
 19670 | Gauntlet | Found a transporter.
 19675 | Gauntlet | Found a transporter.
 19703 | Gauntlet | Found a transporter.
 19703 | Gauntlet | Found a transporter.
 19836 | Gauntlet | Identified the ring of Adawece {Ice Fly Will+}
 20019 | Gauntlet | Identified the +0 cloak of Goofis {*Corrode Str+6 Dex+4}
 20098 | Gauntlet | Identified the +1 robe of the Echidna {Harm Will+ Regen+}
 20408 | Abyss:2  | Cast into level 2 of the Abyss (a wizard)
 20504 | Abyss:2  | Noticed a starcursed mass
 20524 | Abyss:2  | Noticed a starcursed mass
 20526 | Abyss:2  | Noticed a lich
 20534 | Abyss:2  | Reached XP level 15. HP: 64/129 MP: 1/23
 20548 | Abyss:2  | Killed a lich
 20616 | Abyss:2  | Noticed a deep elf sorcerer
 20635 | Abyss:2  | Killed a deep elf sorcerer
 20755 | Abyss:2  | Noticed a tentacled monstrosity
 20769 | Abyss:2  | Killed a tentacled monstrosity
 20815 | D:14     | Escaped the Abyss
 20826 | D:14     | Learned a level 5 spell: Fireball
 21791 | D:15     | Entered Level 15 of the Dungeon
 21907 | D:15     | Reached skill level 10 in Shields
 21979 | D:15     | Noticed Jorgrun
 22005 | D:15     | Killed Jorgrun
 22233 | D:15     | Found a blossoming altar of Fedhas.
 22535 | D:15     | Reached skill level 5 in Evocations
 22548 | D:15     | Found the +9 sword of Zonguldrok {reap}
 22548 | D:15     | Noticed a bone dragon
 22572 | D:15     | Killed a bone dragon
 23207 | D:15     | Found a staircase to the Depths.
 23388 | Orc:1    | Entered Level 1 of the Orcish Mines
 23693 | Orc:2    | Entered Level 2 of the Orcish Mines
 23875 | Orc:2    | Found Ashruteff's General Store.
 23896 | Orc:2    | Found Hubb's Distillery.
 23938 | Orc:2    | Reached XP level 16. HP: 136/136 MP: 25/25
 23953 | Orc:2    | Bought a potion of heal wounds for 65 gold pieces
 23953 | Orc:2    | Bought a potion of curing for 39 gold pieces
 23953 | Orc:2    | Bought a scroll of summoning for 123 gold pieces
 24140 | Orc:2    | Paralysed by an orc sorcerer for 5 turns
 24184 | Orc:2    | Found a staircase to the Elven Halls.
 24680 | Orc:2    | Found Diment's Antique Armour Emporium.
 24680 | Orc:2    | Found Zoyrghe's Jewellery Shoppe.
 24681 | Orc:2    | Found a one-way gate leading to the halls of Pandemonium.
 25207 | Spider:1 | Entered Level 1 of the Spider Nest
 25455 | Spider:1 | Noticed Agnes
 25461 | Spider:1 | Killed Agnes
 26954 | Spider:2 | You are sucked into a shaft and drop 1 floor!
 26957 | Spider:3 | Noticed Bai Suzhen
 26977 | Spider:3 | Reached XP level 17. HP: 87/145 MP: 27/27
 26978 | Spider:3 | Killed Bai Suzhen
 28398 | Spider:3 | Identified the ring "Vulem" {Wiz Will+}
 28873 | Spider:4 | Entered Level 4 of the Spider Nest
 29506 | Spider:4 | Reached skill level 1 in Throwing
 29616 | Spider:4 | Got a gossamer rune of Zot
 29744 | Spider:4 | Slain by a spark wasp

Illustrated notes

Levels and vault maps discovered:
D:1:      lemuel_arrival_broad_hall, layout_loops_ring,
          nicolae_ecumenical_snake_handling
D:2:      layout_rooms, hangedman_abyss_or_decor_lesser_grid
D:3:      layout_basic, kennysheep_generic_room_5
D:4:      wad_lake_hut, layout_loops_cross
D:5:      minmay_angry_zag, layout_basic, nicolae_ru_the_path_less_chosen,
          mainiacjoe_overflow_catwalk, nemelex_dance_club_becter,
          mainiacjoe_overflow_alcove_2, minmay_temple_entry_statues_pillars,
          minivault_23, grunt_decor_junction, kennysheep_small_square
D:6:      minmay_razor_zed, layout_gridville,
          mainiacjoe_overflow_small_starburst, serial_shops, kennysheep_mini
D:7:      layout_basic, slow_altar_1, mainiacjoe_overflow_chevrons,
          nicolae_titane
D:8:      layout_layer_cave, enter_bailey_6
D:9:      layout_roguey, mainiacjoe_overflow_paths,
          mainiacjoe_overflow_concentric_impassable,
          minmay_overflow_temple_star_quad
D:10:     minmay_shrinking_squares, layout_small_grid, trog_ov_bears_minmay,
          serial_shops, nicolae_shop_trees, nicolae_diode_basic, uniq_harold
D:11:     layout_small_grid, grunt_lair_entry_orc_guard_hut, serial_shops,
          nicolae_shop_statue_plus, uniq_erica
D:12:     layout_roguey, orc_0_dummy, minmay_protected_statue, uniq_psyche
D:13:     layout_roguey, grunt_vaults_entry_tiered,
          nicolae_dithmenos_the_darkroom
D:14:     layout_loops_corners, serial_bayou_shore_a, gauntlet_entry_generic,
          serial_bayou_lagoon_a
D:15:     gammafunk_enter_depths_forms, layout_cave_pools, fedhas_altar_1,
          corexii_corridor_pit, minmay_guarded_unrand_zonguldrok, uniq_jorgrun
Lair:1:   layout_gridlike, grunt_megastairs_3
Lair:2:   layout_gridlike, spider_nest_entry_rubble, lemuel_fruit_tree
Lair:3:   layout_misc_corridors, elwin_shoals_entry_rooms, uniq_fannar,
          uniq_josephine
Lair:4:   layout_misc_corridors, serial_bayou_ford_a, minivault_23
Lair:5:   hellmonk_lair_end_abyssal_woods, layout_cave_pods,
          dpeg_slime_entry_enclosed, portal_ice_cave_entry_pillars_2,
          grunt_megastairs_5, infiniplex_staircase_pool_2, uniq_snorg
Spider:1: layout_spider_delve, nicolae_spider_twisty_arc_passages, uniq_agnes
Spider:2: layout_spider_delve, nicolae_spider_bug_shape,
          hangedman_spider_tarantella_strand
Spider:3: spiders_nest_scorpion_pit, uniq_bai_suzhen
Spider:4: hellmonk_spider_rune_endless_swarm, uniq_roxanne
Orc:1:    layout_diamond_mine, basic_altar
Orc:2:    pf_orc_diabolical, layout_caves

Skill      XL: |  1  2  3  4  5  6  7  8  9 10 11 12 13 14 15 16 17 |
---------------+----------------------------------------------------+-----
Fighting       | 3 4 5 6 7 8 9 |  9.4
Maces & Flails | 2 3 4 5 7 8 9 10 | 10.4
Armour         | 4 5 6 7 8 9 10 11 12 | 12.7
Invocations    | 1 2 3 4 5 6 7 8 |  8.5
Axes           | 1 2 3 4 6 8 9 10 11 12 13 | 13.6
Shields        | 4 5 6 7 8 9 10 12 13 | 13.2
Dodging        | 1 2 3 4 5 6 7 |  7.1
Spellcasting   | 1 2 3 4 5 6 7 |  7.4
Conjurations   | 1 2 3 4 5 6 7 |  7.7
Fire Magic     | 1 2 3 4 5 6 7 |  7.8
Evocations     | 2 3 4 5 6 |  6.9
Stealth        | 2 4 |  4.4
Throwing       | 1 |  1.2

Action                   |  1- 3 |  4- 6 |  7- 9 | 10-12 | 13-15 | 16-18 || total
-------------------------+-------+-------+-------+-------+-------+-------++-------
Melee: Flail             |    58 |    96 |       |       |       |       ||   154
       Tailslap          |     7 |    16 |    31 |    75 |   186 |   164 ||   479
       Morningstar       |       |    29 |   303 |    91 |       |       ||   423
       Broad axe         |       |       |       |   303 |   897 |   807 ||  2007
Throw: Dart              |       |       |     1 |     2 |     3 |       ||     6
       Boomerang         |       |       |       |       |     2 |     6 ||     8
 Cast: Foxfire           |       |       |       |       |     2 |       ||     2
Invok: Slouch            |       |       |       |       |     5 |     7 ||    12
Evoke: Wand              |       |       |     4 |     2 |     2 |       ||     8
       Tin of tremorston |       |       |       |       |     1 |       ||     1
       Box of beasts     |       |       |       |       |       |     1 ||     1
  Use: Scroll            |       |       |    17 |    11 |    11 |       ||    39
       Potion            |       |       |     1 |       |     1 |     5 ||     7
 Stab: Distracted        |       |       |       |       |     1 |     1 ||     2
Armor: Scale mail        |     6 |       |       |       |       |       ||     6
       Plate armour      |    24 |    64 |   206 |       |       |       ||   294
       Crystal plate arm |       |       |    92 |   430 |   679 |   511 ||  1712
Dodge: Dodged            |    18 |    43 |   117 |   128 |   337 |   305 ||   948
Block: Buckler           |    11 |    35 |   137 |   154 |    61 |       ||   398
       Tower shield      |       |       |       |       |  1081 |  1372 ||  2453
       Reflection        |       |       |       |       |    14 |    11 ||    25

Table legend: (Time is in decaauts)
 A = Elapsed time spent in this place.
 B = Non-inter-level travel time spent in this place.
 C = Inter-level travel time spent in this place.
 D = Time resting spent in this place.
 E = Time spent auto-exploring this place.
 F = Levels seen in this place.
 G = Mean time per level.
                   A        B        C        D        E       F      G
               +--------+--------+--------+--------+--------+-----+--------+
         Total |  45877 |  43432 |   2445 |   4335 |  31760 |  30 | 1529.2 |
       Dungeon |  23233 |  21580 |   1653 |   2252 |  16138 |  15 | 1548.9 |
          Lair |   9090 |   8747 |    343 |    601 |   7063 |   5 | 1818.0 |
   Spider Nest |   6781 |   6587 |    194 |    557 |   4634 |   4 | 1695.2 |
  Orcish Mines |   2909 |   2655 |    254 |     99 |   2041 |   2 | 1454.5 |
         Abyss |    520 |    520 |      0 |    179 |    191 |   1 |  520.0 |
        Bailey |    985 |    985 |      0 |    397 |    448 |   1 |  985.0 |
      Ice Cave |   1308 |   1308 |      0 |      0 |    855 |   1 | 1308.0 |
      Gauntlet |   1047 |   1047 |      0 |    250 |    389 |   1 | 1047.0 |
               +--------+--------+--------+--------+--------+-----+--------+

Top non-repeatable levels by time:
  Lair:5: 2819 daAuts
Spider:3: 2108 daAuts
    D:14: 2083 daAuts
    D:15: 2053 daAuts
   Orc:2: 1916 daAuts
Spider:2: 1857 daAuts
     D:6: 1834 daAuts
  Lair:1: 1794 daAuts
  Lair:3: 1692 daAuts
     D:1: 1680 daAuts
     D:4: 1666 daAuts
     D:9: 1610 daAuts
Spider:1: 1575 daAuts
  Lair:2: 1573 daAuts
     D:5: 1551 daAuts
